 Dungeon Crawl Stone Soup version 0.13.1-28-g3517093 (console) character file.

438 Magician the Poker (level 6, 0/73 HPs)
             Began as a Merfolk Berserker on Mar 4, 2014.
             Was a Believer of Trog.
             Slain by an orc
             ... wielding a -1,+0 orcish club
              (3 damage)
             ... on Level 6 of the Dungeon.
             The game lasted 00:05:36 (879 turns).

Magician the Poker (Merfolk Berserker)               Turns: 879, Time: 00:05:36

HP   0/73        AC  7     Str 23      XL: 6   Next: 59%
MP   5/5         EV 10     Int  6      God: Trog [**....]
Gold 91          SH  7     Dex 15      Spells:  0 memorised,  5 levels left

Res.Fire  : . . .   See Invis. : .   n - +0 trident
Res.Cold  : . . .   Warding    : .   l - +2 orc ring mail
Life Prot.: + . .   Conserve   : .   s - +0 buckler
Res.Poison: .       Res.Corr.  : .   (no helmet)
Res.Elec. : .       Clarity    : .   (no cloak)
Sust.Abil.: . .     Spirit.Shd : .   (no gloves)
Res.Mut.  : .       Stasis     : .   (no boots)
Res.Rott. : .       Flight     : .   (no amulet)
Saprovore : . . .                    (no ring)
                                     q - cursed ring of positive energy {unknown}

@: regenerating, berserking, very quick, quite resistant to hostile
enchantments, extremely unstealthy
A: change form in water, swift swim
a: Burn Spellbooks, Berserk, Trog's Hand, Renounce Religion


You were on level 6 of the Dungeon.
You worshipped Trog.
Trog was pleased with you.
You were not hungry.

You visited 2 branches of the dungeon, and saw 7 of its levels.

You collected 71 gold pieces.

Inventory:

Hand weapons
 a - a +0,+0 spear {=f}
 n - a +0,+0 trident (weapon)
 r - a +0,+0 trident
Armour
 b - a +0 animal skin
 l - a +2 orcish ring mail (worn)
 s - a +0 buckler (worn)
Magical devices
 p - a wand of flame (9)
Scrolls
 c - a scroll of identify {unknown}
 d - a scroll of enchant weapon II {unknown}
 g - a scroll of teleportation {unknown}
 h - a scroll of magic mapping {unknown}
 i - 2 scrolls of remove curse {unknown}
 k - a scroll of fog {unknown}
 m - a scroll of curse armour {unknown}
 o - a scroll of noise {unknown}
Jewellery
 q - a cursed ring of positive energy (left hand) {unknown}
Potions
 e - a potion of heal wounds
 f - a potion of agility {unknown}
 j - a potion of brilliance {unknown}


   Skills:
 * Level 5.3 Fighting
 + Level 5.9 Polearms
 * Level 3.1 Armour
 + Level 4.0 Dodging


You had 5 spell levels left.
You didn't know any spells.

Dungeon Overview and Level Annotations

Branches:
Dungeon (6/27)             Temple (1/1) D:4
    Orc: D:6-11

Altars:
Ashenzari
Cheibriados
Elyvilon
Fedhas
Kikubaaqudgha
Makhleb
Nemelex Xobeh
Okawaru
Sif Muna
Vehumet
Xom
Yredelemnul
Zin
the Shining One


Message History

The orc priest is almost dead.
You block the orc's attack.
The centaur unwields an uncursed bow.
The centaur hits you but does no damage.
The orc priest becomes somewhat translucent.
The orc closely misses you.
You hit the orc priest.
You kill the orc priest!
Trog accepts your kill.
Your Dodging skill increases to level 4!
The centaur barely misses you. The orc hits you.
* * * LOW HITPOINT WARNING * * *
You barely miss the centaur. The orc hits you but does no damage.
The centaur hits you.
* * * LOW HITPOINT WARNING * * *
The orc barely misses you.
You hit the centaur.
The centaur is moderately wounded.
The centaur hits you but does no damage.
The orc hits you with an orcish club.
You die...

..( .....(... .........
.#.....#### '........# .
#..<.....# ...
#........#.# ....
#.Koc......#
......#..@o...8..#
#......####'#.....#
..................#
..................#
.................#
.................#########
......................<...
.............>...........
########################


You could see a centaur, 2 orcs and a kobold.

Vanquished Creatures
  A centaur (D:5)
  Blork the orc (D:5)
  4 orc priests
  An orc wizard (D:6)
  A sky beast zombie (D:5)
  An adder (D:3)
  6 orcs
  A giant mite zombie (D:5)
  2 jackals (D:4)
  4 kobolds
  A quokka (D:5)
  A ball python (D:1)
  4 bats
  A giant gecko (D:1)
  2 giant newts
  A gnoll zombie (D:5)
  A goblin (D:5)
  4 rats
37 creatures vanquished.

Notes
Turn   | Place    | Note
--------------------------------------------------------------
     0 | D:1      | Magician, the Merfolk Berserker, began the quest for the Orb.
     0 | D:1      | Reached XP level 1. HP: 18/18 MP: 0/0
    71 | D:1      | Reached XP level 2. HP: 20/24 MP: 1/1
   345 | D:4      | Found a staircase to the Ecumenical Temple.
   355 | D:4      | Reached skill level 5 in Polearms
   355 | D:4      | Reached XP level 3. HP: 21/30 MP: 2/2
   356 | D:4      | Reached XP level 4. HP: 25/37 MP: 3/3
   362 | D:4      | Acquired Trog's second power
   384 | Temple   | Entered the Ecumenical Temple
   502 | D:5      | Entered Level 5 of the Dungeon
   502 | D:5      | Noticed Blork the orc
   504 | D:5      | Noticed a centaur
   512 | D:5      | Killed Blork the orc
   512 | D:5      | Reached XP level 5. HP: 42/42 MP: 4/4
   515 | D:5      | Killed a centaur
   712 | D:4      | Reached skill level 5 in Fighting
   712 | D:4      | Reached XP level 6. HP: 49/49 MP: 5/5
   878 | D:6      | HP: 2/73 [centaur (5)]
   879 | D:6      | Slain by an orc

Action                   |  1- 3 |  4- 6 || total
-------------------------+-------+-------++-------
Melee: Spear             |    54 |     1 ||    55
       Trident           |       |    77 ||    77
Invok: Berserk           |     1 |     3 ||     4
       Trog's Hand       |       |     1 ||     1
  Use: Potion            |     1 |       ||     1
